 Dungeon Crawl Stone Soup version 0.20-a0-428-g059cf21 (webtiles) character file.

1798963 kuniqs the Pacifist (level 27, 140/160 HPs)
             Began as a Vine Stalker Artificer on Jan 1, 2017.
             Was an Elder of Elyvilon.
             Escaped with the Orb
             ... and 3 runes!
             The game lasted 04:11:48 (65477 turns).

kuniqs the Pacifist (Vine Stalker Artificer)       Turns: 65477, Time: 04:11:49

Health: 140/160    AC: 20    Str: 27    XL:     27
Magic:  43/50      EV: 37    Int: 11    God:    Elyvilon [****..]
Gold:   2368       SH: 20    Dex: 31    Spells: 20/26 levels left

rFire  . . .     SeeInvis +     W - +9 double sword (flame)
rCold  . . .     Gourm    .     J - +3 leather armour "Ilan" {Regen+ rCorr Int-5 Dex+6}
rNeg   . . .     Faith    .     v - +4 shield "Xiduus" {+Blink Str+4 Dex+2}
rPois  +         Spirit   +     s - +3 hat of Pondering {ponderous, MR+ MP+10 Int+5}
rElec  .         Reflect  .     z - +1 cloak {rPois}
rCorr  +         Harm     .     U - +2 pair of gloves {Str+3}
MR     ++++.                    S - +2 pair of boots {run}
Stlth  ++........               P - amulet of regeneration
                                H - ring of see invisible
                                k - +3 ring of evasion

@: very slightly contaminated, hasted, very quick
A: fangs 3, regeneration 2, magic shield, antimagic bite, no potion heal 3, rot
immunity
0: Orb of Zot
}: 3/15 runes: decaying, serpentine, abyssal
a: Lesser Healing, Heal Other, Purification, Greater Healing, Divine Protection,
Renounce Religion, Evoke Blink


You escaped.
You worshipped Elyvilon.
Elyvilon was greatly pleased with you.
You were full.

You visited 12 branches of the dungeon, and saw 55 of its levels.
You visited the Abyss 1 time.
You visited 1 bazaar.
You visited 1 ziggurat, and saw 5 of its levels.
You also visited: Ossuary and Bailey.

You collected 7291 gold pieces.
You spent 2584 gold pieces at shops.
You donated 2339 gold pieces to Zin.

Inventory:

Hand Weapons
 l - a +9 quick blade of piercing
 W - a +9 double sword of flaming (weapon)
Missiles
 t - 4 throwing nets (quivered)
Armour
 s - the +3 hat of Pondering (worn) {ponderous, MR+ MP+10 Int+5}
   (You bought it in a shop on level 2 of the Vaults)

   It affects your intelligence (+5).
   It affects your resistance to hostile enchantments.
   It affects your magic capacity (+10).
 v - the +4 shield "Xiduus" (worn) {+Blink Str+4 Dex+2}
   (You took it off a deep elf demonologist on level 3 of the Elven Halls)

   It affects your strength (+4).
   It affects your dexterity (+2).
   It lets you blink.
 z - a +1 cloak of poison resistance (worn)
 J - the +3 leather armour "Ilan" (worn) {Regen+ rCorr Int-5 Dex+6}
   (You found it on level 3 of the Crypt)

   It affects your intelligence (-5).
   It affects your dexterity (+6).
   It increases your rate of regeneration.
   It protects you from acid and corrosion.
 S - a +2 pair of boots of running (worn)
 U - a +2 pair of gloves of strength (worn)
Jewellery
 k - a +3 ring of evasion (left hand)
 F - the ring "Wodeink" {rN+ MP+9}
   (You found it on level 3 of the Crypt)

   [ring of magical power]

   It protects you from negative energy.
   It affects your magic capacity (+9).
 H - a ring of see invisible (right hand)
 N - an uncursed ring of protection from cold
 P - an amulet of regeneration (around neck)
 Q - the ring "Soenair" {-Tele rElec MR+ Int+2}
   (You found it on level 14 of the Dungeon)

   [ring of protection from magic]

   It affects your intelligence (+2).
   It insulates you from electricity.
   It affects your resistance to hostile enchantments.
   It prevents most forms of teleportation.
Wands
 j - a wand of acid (4/15)
 B - a wand of enslavement (8/24)
 C - a wand of disintegration (12/24)
 K - a wand of iceblast (6/15)
 Z - a wand of digging (12/24)
Scrolls
 a - 4 scrolls of blinking
 h - 2 scrolls of summoning
 i - 7 scrolls of identify {@r1}
 n - 7 scrolls of immolation
 r - 19 scrolls of remove curse {@r2}
 u - a scroll of holy word
 w - 24 scrolls of teleportation
 y - 2 scrolls of silence
 L - 13 scrolls of recharging
 R - 3 scrolls of fear
 V - 7 scrolls of fog
Potions
 b - 3 potions of berserk rage
 g - 2 potions of resistance
 m - 5 potions of haste
 o - 27 potions of curing {@q1}
 p - a potion of might
 q - 3 potions of flight
 x - 4 potions of invisibility
 A - 3 potions of agility
 E - 4 potions of cancellation
 G - 2 potions of cure mutation
Miscellaneous
 M - 3 boxes of beasts
Comestibles
 d - 25 bread rations
 f - 39 fruits


   Skills:
 + Level 21.6 Fighting
 - Level 0.8(10.8) Short Blades
 - Level 16.0 Long Blades
 - Level 13.7 Armour
 - Level 19.4 Dodging
 - Level 8.0 Stealth
 - Level 15.0 Shields
 - Level 6.0 Charms
 - Level 6.0 Ice Magic
 - Level 25.0 Invocations
 - Level 6.1 Evocations


You had 20 spell levels left.
You knew the following spells:

 Your Spells              Type           Power        Failure   Level  Hunger
a - Ozocubu's Armour      Chrm/Ice       ##......     12%         3    ####...
b - Apportation           Tloc           #.........   38%         1    ##.....
z - Repel Missiles        Chrm/Air       #.....       17%         2    ###....


Dungeon Overview and Level Annotations

Branches:
Dungeon (15/15)            Temple (1/1) D:5            Lair (6/6) D:9
  Swamp (4/4) Lair:3        Snake (4/4) Lair:4        Slime (0/5) Lair:5
    Orc (2/2) D:10            Elf (3/3) Orc:2        Vaults (5/5) D:14
  Crypt (3/3) Vaults:3       Tomb (2/3) Crypt:3      Depths (5/5) D:15
    Zot (5/5) Depths:5

Altars:
Ashenzari
Cheibriados
Dithmenos
Elyvilon
Fedhas
Gozag
Hepliaklqana
Kikubaaqudgha
Makhleb
Nemelex Xobeh
Okawaru
Qazlal
Ru
Sif Muna
Trog
Uskayaw
Vehumet
Xom
Yredelemnul
Zin
The Shining One
Beogh
Jiyva

Shops:
D:7 (   D:12 %   Orc:1 %   Orc:2 (}[(   Elf:1 %   Elf:2 }(*(   Elf:3 *
Vaults:1 ?}(   Vaults:2 *   Vaults:4 (   Depths:3 *!%

Portals:
Hell: Depths:1 Depths:2 Depths:3 Depths:4 Depths:5
Abyss: Depths:2 Depths:4
Pandemonium: Depths:3
Trove: Elf:1 (give 6 potions of agility)

Annotations:
Lair:4 reiner's ghost, journeyman DsGl
Swamp:1 exclusion: downstairs
Swamp:3 exclusion: 2 downstairs


Innate Abilities, Weirdness & Mutations

You have razor-sharp teeth.
You heal very quickly.
When hurt, damage is shared between your health and your magic reserves.
Your bite disrupts and absorbs the magic of your enemies.
Potions cannot restore your health.
You are immune to rotting.


Message History

You slash the sixfirhy! You burn the sixfirhy.
You kill the sixfirhy!
There is a stone staircase leading up here.
You climb upwards.
There is a stone staircase leading down here.
A Hell Sentinel and a pandemonium lord come into view.
The Hell Sentinel roars!
You feel yourself speed up.
You are very lightly contaminated with residual magic.
The rock shatters into small pieces.
This wand has 13 charges left.
There is an escape hatch in the ceiling here.
A mysterious force pulls you upwards. The hatch slams shut behind you.
The rock shatters into small pieces.
This wand has 12 charges left.
A hellion comes into view.
The hellion gestures at you.
The sphere of damnation explodes!
The damnation engulfs you!
There is a staircase leading out of the dungeon here.
The hellion gestures at you.
The sphere of damnation explodes!
The damnation engulfs you!
You have escaped!

..#...#...# #ยงยง.#.).#..
..#...#...#### ####...#...#..
'##)..#...##.#######.##...#...##'
.###..#...#...#...#...#...#..###.
...#'##...#..[#.>.#...#...##'#...
......##'###'##...##'###'##......
##...........###'###...........##
.#####.....2...............#####.
.....######.....@.....######.....
####......######.######).....####
# #####......................# #
#...#.###...#.##.......# #
#.............##.......# #
#.#.#####..#..##.......#
#...>.........##.......#
########.###.....>##.......#
#...............#'##########


You could see a hellion.

Vanquished Creatures
  5 orbs of fire (Zot:5)
  5 ancient liches (Zot:5)
  Mennas (Crypt:1)
  Mara (Crypt:1)
  2 greater mummies
  Bai Suzhen (Crypt:3)
  Frederick (Vaults:2)
  Margery (Depths:1)
  Vashnia (Snake:2)
  3 Killer Klowns (Zot:5)
  Saint Roka (Snake:2)
  3 curse toes
  The ghost of Sapher the Executioner, an adept NaWn of Gozag (Elf:3)
  Nikola (Elf:3)
  9 golden dragons
  A bone dragon (Crypt:3)
  Jorgrun (Crypt:3)
  14 tentacled monstrosities
  28 Orb Guardians
  2 liches
  3 deep elf blademasters
  3 titans
  5 quicksilver dragons
  3 deep elf master archers
  Gastronok (Lair:3)
  6 sphinxes
  Kirke (D:15)
  4 death cobs
  13 ancient champions
  4 thorn hunters
  2 tengu reavers (Depths:4)
  12 storm dragons
  6 shadow dragons
  6 draconian monks
  9 nagarajas
  A revenant (Crypt:3)
  10 fire giants
  Donald (Swamp:1)
  9 frost giants
  4 deep elf sorcerers (Elf:3)
  10 draconian scorchers
  An iron dragon (Depths:5)
  12 vault wardens
  7 draconian knights
  An emperor scorpion (D:15)
  3 ghost moths
  5 orc warlords
  Louise (Swamp:1)
  6 draconian shifters
  8 ironheart preservers
  10 ghouls (Crypt:3)
  2 curse skulls
  7 deep elf elementalists (Elf:3)
  5 spriggan defenders
  An angel (Depths:3)
  11 draconian annihilators
  6 draconian stormcallers
  A reaper (Crypt:3)
  14 stone giants
  11 vampire knights
  12 very ugly things
  A caustic shrike skeleton (Crypt:1)
  An entropy weaver (Vaults:3)
  2 bennus (Tomb:1)
  17 black draconians
  A dire elephant (D:15)
  14 yellow draconians
  17 green draconians
  16 white draconians
  9 deep elf demonologists
  4 deep elf annihilators (Elf:3)
  7 red draconians
  11 purple draconians
  7 deep elf death magi
  7 eidola
  19 ettins
  7 mummy priests (Tomb:1)
  A crystal guardian (Vaults:4)
  6 great orbs of eyes
  3 deep elf high priests (Elf:3)
  2 quicksilver dragon zombies
  11 jiangshi
  10 rakshasas
  11 vault guards
  11 yaktaur captains
  6 fire dragons
  10 hydras
  14 naga warriors
  6 ice dragons
  2 catoblepae
  23 anacondas
  17 centaur warriors
  6 spriggan air magi
  28 dancing weapons
  2 death knights
  A two-headed ogre (shapeshifter) (Vaults:2)
  6 deep troll shamans
  7 death yaks
  A satyr (shapeshifter) (Depths:5)
  4 alligators
  Urug (Orc:1)
  A queen ant (Lair:3)
  24 ogre magi
  8 death scarabs (Tomb:1)
  8 vampire magi
  6 deep troll earth magi
  The ghost of Vajrapani the Spear-Bearer, a novice HuWn of Nemelex Xobeh (D:8)
  25 naga sharpshooters
  4 tengu warriors
  75 two-headed ogres
  8 shock serpents
  8 hell knights
  4 spriggan berserkers
  2 storm dragon zombies (Crypt:2)
  A titan zombie (Crypt:2)
  Sonja (D:13)
  22 deep elf knights
  24 spriggans
  A fire crab (Lair:6)
  6 salamander mystics
  A fire crab (shapeshifter) (Vaults:4)
  6 shadow wraiths
  43 skeletal warriors
  5 iron trolls (Depths:3)
  A sixfirhy (D:3)
  18 deep trolls
  5 glowing orange brains
  9 flayed ghosts
  4 spriggan druids
  A storm dragon skeleton (Crypt:3)
  9 swamp dragons
  9 unseen horrors
  6 shambling mangroves
  9 wizards
  24 deep elf archers
  2 shadow dragon zombies
  12 ironbrand convokers
  5 lindwurms
  58 deep elf magi
  13 naga ritualists
  A large abomination (Swamp:4)
  4 harpies
  10 orc knights
  16 necromancers
  2 anaconda skeletons
  17 mana vipers
  2 wolf spider zombies
  An orb spider (shapeshifter) (Vaults:2)
  4 wolf spiders
  9 phantasmal warriors
  3 stone giant zombies
  6 orc sorcerers
  A hell hog zombie (Crypt:3)
  9 cyclopes
  2 iron dragon zombies (Crypt:1)
  2 manticores
  20 moths of wrath
  30 ugly things
  An iron dragon skeleton (Crypt:3)
  11 salamanders
  13 vault sentinels
  9 elephants
  A shock serpent zombie (Crypt:3)
  6 guardian serpents (Snake:4)
  3 stone giant skeletons
  A moth of wrath (shapeshifter) (Depths:4)
  54 black mambas
  A dire elephant zombie (Crypt:2)
  4 gargoyles
  Joseph (D:7)
  26 naga magi
  A shock serpent skeleton (Tomb:1)
  A yaktaur zombie (Vaults:2)
  22 spiny frogs
  A catoblepas zombie (Crypt:2)
  4 rime drakes
  13 centaur skeletons
  3 kobold demonologists
  58 yaktaurs
  3 freezing wraiths
  A spark wasp simulacrum (Depths:4)
  A komodo dragon (shapeshifter) (Vaults:3)
  7 komodo dragons
  A red draconian zombie (Crypt:3)
  7 trolls
  A yellow draconian skeleton (Crypt:1)
  5 tengu conjurers
  8 guardian mummies
  A silent spectre (Abyss:4)
  A wind drake (shapeshifter) (Vaults:2)
  A wolf spider simulacrum (D:15)
  2 polar bears
  A queen ant zombie (Crypt:2)
  39 hornets
  A merfolk (shapeshifter) (Zig:1)
  13 tyrant leeches
  8 bog bodies
  A polar bear (shapeshifter) (D:15)
  44 slime creatures
  2 ice dragon zombies (Depths:1)
  A blink frog (shapeshifter) (Vaults:1)
  7 dream sheep
  13 hippogriffs
  28 blink frogs
  A minotaur skeleton (Crypt:3)
  An ettin zombie (Vaults:2)
  2 iron dragon simulacra
  4 meliai zombies
  6 flying skulls (Tomb:1)
  2 frost giant simulacra
  12 air elementals
  A fire giant simulacrum (Crypt:1)
  3 ushabtiu (Tomb:1)
  A dire elephant simulacrum (Tomb:1)
  4 shadows
  A tarantella (shapeshifter) (Vaults:2)
  2 vampires
  A yak (shapeshifter) (Depths:1)
  A satyr skeleton (Crypt:1)
  7 wyverns
  2 redbacks (Vaults:3)
  6 water elementals
  28 yaks
  A hog (shapeshifter) (Vaults:3)
  10 wraiths
  2 ettin skeletons (Abyss:4)
  A basilisk (D:14)
  6 fire elementals
  7 hogs (D:13)
  18 humans (D:14)
  A wind drake skeleton (Crypt:1)
  A yaktaur simulacrum (Vaults:2)
  6 hungry ghosts
  2 steam dragons
  3 human simulacra
  A two-headed ogre zombie (Crypt:3)
  28 vampire mosquitoes
  12 wargs
  18 swamp worms
  A harpy simulacrum (Crypt:1)
  4 insubstantial wisps (Swamp:4)
  4 acid dragons
  55 nagas
  16 water moccasins
  A faun zombie (Crypt:1)
  20 soldier ants (Lair:3)
  2 floating eyes
  6 porcupines
  An infernal demonspawn skeleton (Crypt:2)
  10 swamp drakes
  A fire dragon simulacrum (Depths:1)
  A small abomination (Abyss:4)
  A snapping turtle zombie (Crypt:2)
  8 ice beasts
  6 sky beasts
  An eye of draining (D:15)
  55 orc warriors
  A hornet zombie (D:15)
  5 black bears
  A lindwurm zombie (Crypt:1)
  3 necrophages
  5 phantoms
  9 boggarts
  A deep troll simulacrum (Depths:1)
  19 wolves
  51 ogres
  24 centaurs
  13 crocodiles
  3 big kobolds
  3 elf zombies (Ossuary)
  A rime drake skeleton (Crypt:3)
  3 gnoll sergeants
  17 bullfrogs
  3 earth elementals
  A spiny frog simulacrum (Tomb:1)
  A water moccasin zombie (D:12)
  2 glowing shapeshifter simulacra
  2 wyvern zombies
  2 scorpions
  A tengu zombie (Depths:1)
  18 killer bees
  10 wights
  4 electric eels
  9 howler monkeys
  8 centaur zombies
  2 bullfrog zombies
  9 crimson imps
  A quasit (D:9)
  3 human zombies
  5 jellies
  5 hounds
  46 orc wizards
  37 orc priests
  An iron imp (Depths:3)
  3 human skeletons (Crypt:1)
  3 iguanas
  A hell rat (Snake:2)
  26 worker ants
  A porcupine zombie (Crypt:2)
  A polar bear simulacrum (Lair:2)
  A wolf simulacrum (Lair:2)
  3 yak simulacra (Lair:2)
  A big kobold zombie (Ossuary)
  An acid dragon skeleton (Crypt:2)
  2 spectral hounds (Depths:3)
  A tengu skeleton (Crypt:1)
  20 mummies
  3 hound skeletons
  A worker ant zombie (D:5)
  17 gnolls
  A hell rat skeleton (Crypt:1)
  10 adders
  A swamp drake skeleton (Crypt:3)
  5 shadow imps
  5 oozes (D:9)
  2 adder zombies
  An adder skeleton (D:9)
  2 worms
  3 dart slugs
  7 leopard geckos
  169 orcs
  6 giant cockroaches
  2 gnoll zombies (Crypt:2)
  11 goblins
  5 hobgoblins
  17 jackals
  4 quokkas
  2 ball pythons
  7 bats
  3 frilled lizards
  7 hobgoblin zombies (Ossuary)
  39 kobolds
  11 kobold zombies (Ossuary)
  A leopard gecko skeleton (D:5)
  8 orc zombies (Ossuary)
  A quokka zombie (Crypt:1)
  7 rats
  4 rat zombies (Ossuary)
  6 river rat simulacra (Lair:2)
  4 briar patches
  2 crawling corpses (Elf:3)
  A fire vortex (Depths:4)
  2 plants
2852 creatures vanquished.

Vanquished Creatures (collateral kills)
  2 vault guards (Vaults:4)
  An orc warrior (Orc:2)
  An orc wizard (Orc:2)
  6 orcs
10 creatures vanquished.

Vanquished Creatures (others)
  An ancient lich (Zot:5)
  A draconian annihilator (Zot:2)
  A rakshasa (Depths:2)
  2 hydras
  A dancing weapon (Elf:2)
  A swamp dragon (Swamp:4)
  A spriggan druid (Swamp:2)
  A deep elf mage (Vaults:2)
  A moth of wrath (Zot:1)
  A blink frog (Lair:6)
  2 spriggans (Swamp:2)
  A yak (Lair:6)
  A warg (Depths:3)
  2 insubstantial wisps (Swamp:4)
  A swamp drake (Swamp:4)
  A big kobold (D:14)
  3 orcs
  A kobold (D:14)
  A briar patch (Swamp:4)
  10 fungi
  A lurking horror (Abyss:4)
  23 plants
58 creatures vanquished.

Grand Total: 2920 creatures vanquished

Notes
Turn   | Place    | Note
-------+----------+-------------------------------------------
     0 | D:1      | kuniqs the Vine Stalker Artificer began the quest for the Orb.
     0 | D:1      | Reached XP level 1. HP: 9/9 MP: 3/3
   100 | D:1      | Reached skill level 1 in Fighting
   280 | D:1      | Reached XP level 2. HP: 14/14 MP: 5/5
  1161 | D:2      | Found a snail-covered altar of Cheibriados.
  1222 | D:2      | Found a glowing golden altar of the Shining One.
  1401 | D:2      | Reached XP level 3. HP: 14/18 MP: 4/6
  1932 | D:2      | Gained mutation: Your natural rate of healing is unusually fast. [Vine Stalker growth]
  1932 | D:2      | Reached XP level 4. HP: 23/23 MP: 7/7
  2218 | D:2      | Reached skill level 1 in Armour
  2477 | D:3      | Found an iron altar of Okawaru.
  2562 | D:3      | Reached XP level 5. HP: 28/28 MP: 8/8
  3113 | D:3      | Found an opulent altar of Gozag.
  3472 | D:3      | Reached XP level 6. HP: 19/32 MP: 9/9
  3559 | D:5      | Entered Level 5 of the Dungeon
  3837 | D:4      | Reached skill level 1 in Long Blades
  4041 | D:5      | Found a bloodstained altar of Trog.
  4221 | D:4      | Found a shadowy altar of Dithmenos.
  4284 | D:4      | Reached XP level 7. HP: 32/36 MP: 8/10
  4315 | D:4      | Gained mutation: Your muscles are strong. (Str +2) [potion of beneficial mutation]
  4581 | D:5      | Found a staircase to the Ecumenical Temple.
  4590 | Temple   | Entered the Ecumenical Temple
  5004 | D:5      | Found a white marble altar of Elyvilon.
  5007 | D:5      | Became a worshipper of Elyvilon the Healer
  5279 | D:5      | Reached * piety under Elyvilon
  5499 | D:5      | Reached skill level 1 in Invocations
  5773 | D:4      | Gained mutation: You have razor-sharp teeth. [Vine Stalker growth]
  5773 | D:4      | Reached XP level 8. HP: 23/42 MP: 5/11
  5924 | D:6      | Reached skill level 2 in Invocations
  6196 | D:7      | Noticed Joseph
  6348 | D:7      | Found a burning altar of Makhleb.
  6428 | D:7      | Reached skill level 3 in Invocations
  6430 | D:7      | Found Jucis's Antique Weapon Shoppe.
  6483 | D:7      | Reached ** piety under Elyvilon
  6528 | D:7      | Reached skill level 4 in Invocations
  6533 | D:7      | Found a sand-covered staircase.
  6533 | D:7      | Found an opulent altar of Gozag.
  6543 | Ossuary  | Entered an ossuary
  6685 | Ossuary  | Reached XP level 9. HP: 26/46 MP: 13/13
  6787 | Ossuary  | Got a crude robe
  6799 | Ossuary  | Identified the cursed +1 robe "Voanopp" {Int+3} (You found it in an ossuary)
  7076 | D:7      | Reached skill level 5 in Fighting
  7134 | D:7      | Reached skill level 5 in Invocations
  7462 | D:7      | Reached skill level 5 in Dodging
  7604 | D:7      | Killed Joseph
  7884 | D:8      | Reached skill level 6 in Invocations
  7972 | D:8      | Noticed Vajrapani's ghost (novice HuWn)
  8425 | D:7      | Reached XP level 10. HP: 29/53 MP: 8/15
  8643 | D:8      | Reached skill level 5 in Armour
  8702 | D:9      | Reached *** piety under Elyvilon
  8702 | D:9      | Noticed a two-headed ogre
  8713 | D:9      | Killed a two-headed ogre
  8713 | D:9      | Reached skill level 7 in Invocations
  8741 | D:9      | Found a flagged portal.
  8788 | Bailey   | Entered a bailey
  8793 | Bailey   | Noticed an orc warlord
  8954 | Bailey   | Found a runed gate.
  8967 | Bailey   | Found a runed gate.
  8968 | Bailey   | Found a runed gate.
  9010 | Bailey   | Reached skill level 5 in Long Blades
  9219 | D:9      | Gained mutation: Your flesh is heat resistant. (rF+) [potion of beneficial mutation]
  9220 | D:9      | Gained mutation: Your flesh is very heat resistant. (rF++) [potion of beneficial mutation]
  9223 | D:9      | YAY
  9310 | D:8      | Found a sparkling altar of Nemelex Xobeh.
  9701 | D:10     | Entered Level 10 of the Dungeon
  9753 | D:10     | Reached **** piety under Elyvilon
  9854 | D:9      | Reached skill level 8 in Invocations
  9994 | D:9      | Found a staircase to the Lair.
 10005 | Lair:1   | Entered Level 1 of the Lair of Beasts
 10282 | D:9      | Noticed a two-headed ogre
 10304 | D:9      | Killed a two-headed ogre
 10304 | D:9      | Reached skill level 1 in Shields
 10304 | D:9      | Reached XP level 11. HP: 46/58 MP: 18/18
 10956 | D:10     | Noticed a two-headed ogre
 11001 | D:9      | Killed a two-headed ogre
 11217 | D:10     | Killed an unseen horror
 11503 | D:10     | Found a staircase to the Orcish Mines.
 11802 | D:10     | Reached skill level 9 in Invocations
 12240 | D:11     | Noticed a manticore
 12253 | D:11     | Killed a manticore
 12333 | D:11     | Paralysed by a hornet for 3 turns
 12852 | D:12     | Gained mutation: You heal very quickly. [Vine Stalker growth]
 12852 | D:12     | Reached XP level 12. HP: 62/63 MP: 19/19
 13024 | D:12     | Reached ***** piety under Elyvilon
 13086 | D:12     | Noticed a four-headed hydra
 13098 | D:12     | Killed a four-headed hydra
 13174 | D:12     | Found Puugge Xazi's Food Shop.
 13645 | D:12     | Found a shimmering altar of Xom.
 13648 | D:12     | Found a shimmering altar of Xom.
 13649 | D:12     | Found a shimmering altar of Xom.
 13649 | D:12     | Found a shimmering altar of Xom.
 13758 | D:13     | Noticed a tengu warrior
 13768 | D:13     | Killed a tengu warrior
 13802 | D:13     | Noticed Kirke
 13859 | D:14     | Found a basalt altar of Yredelemnul.
 13866 | D:14     | Reached skill level 5 in Stealth
 13941 | D:13     | Noticed a catoblepas
 14026 | D:12     | Killed a catoblepas
 14182 | D:13     | Noticed a centaur warrior
 14194 | D:13     | Killed a centaur warrior
 14611 | D:13     | Noticed Sonja
 14630 | D:13     | Killed Sonja
 14630 | D:13     | Reached skill level 5 in Shields
 14719 | D:14     | Reached XP level 13. HP: 69/69 MP: 20/20
 15164 | D:15     | Entered Level 15 of the Dungeon
 15290 | Orc:1    | Entered Level 1 of the Orcish Mines
 15337 | Orc:1    | Found Xotruk's Food Shoppe.
 15512 | Orc:2    | Entered Level 2 of the Orcish Mines
 15788 | Lair:1   | Reached ****** piety under Elyvilon
 17246 | Lair:2   | Noticed a fire dragon
 17274 | Lair:2   | Killed a fire dragon
 17306 | Lair:2   | Identified a +0 pair of boots of running (You found it on level 2 of the Lair of Beasts)
 17617 | Lair:3   | Found a staircase to the Swamp.
 17620 | Lair:3   | Noticed Gastronok
 17688 | Lair:3   | Killed Gastronok
 18010 | Lair:3   | Reached XP level 14. HP: 33/75 MP: 13/21
 18668 | Lair:4   | Noticed reiner's ghost (journeyman DsGl)
 19263 | Lair:6   | Entered Level 6 of the Lair of Beasts
 19420 | Lair:5   | Reached skill level 10 in Fighting
 19452 | Lair:5   | Found a staircase to the Slime Pits.
 19452 | Lair:5   | Found a viscous altar of Jiyva.
 20024 | Lair:6   | Reached skill level 10 in Dodging
 20186 | Lair:6   | Identified Sif Muna's Handbook of Unholy Moulding
 20309 | Lair:6   | Reached XP level 15. HP: 74/81 MP: 22/22
 20784 | Lair:5   | Reached skill level 10 in Long Blades
 20970 | Lair:5   | Found a hazy altar of Hepliaklqana.
 21453 | Lair:4   | Found a staircase to the Snake Pit.
 21917 | Orc:1    | Noticed Urug
 22071 | Orc:1    | Killed Urug
 22384 | Orc:2    | Found a roughly hewn altar of Beogh.
 22521 | Orc:2    | Found a roughly hewn altar of Beogh.
 22600 | Orc:2    | Found a staircase to the Elven Halls.
 22754 | Orc:2    | Found a roughly hewn altar of Beogh.
 23029 | Orc:2    | Noticed an orc warlord
 23288 | Orc:1    | You fall through a shaft!
 23334 | Orc:2    | Killed an orc warlord
 23334 | Orc:2    | Reached skill level 10 in Armour
 23461 | Orc:2    | Found a roughly hewn altar of Beogh.
 23471 | Orc:2    | Found Ylud's Gadget Shop.
 23554 | Orc:2    | Found a roughly hewn altar of Beogh.
 23650 | Orc:2    | Found Jeits's Antique Armour Shoppe.
 23652 | Orc:2    | Found a roughly hewn altar of Beogh.
 23652 | Orc:2    | Found Raotom's Antique Weapon Emporium.
 23667 | Orc:2    | Bought a glowing cloak for 420 gold pieces
 23684 | Orc:2    | Bought a runed troll leather armour for 840 gold pieces
 23873 | Orc:2    | Found a roughly hewn altar of Beogh.
 23896 | Orc:2    | Found Ylyel's Antique Weapon Shoppe.
 24795 | D:14     | Identified the Tome of Blistering Arcane Weapons
 24808 | D:14     | Reached XP level 16. HP: 88/88 MP: 23/23
 24826 | D:14     | Found a gate to the Vaults.
 25318 | D:15     | Reached skill level 10 in Shields
 25457 | D:15     | Killed Kirke
 25744 | D:15     | Found a staircase to the Depths.
 25945 | D:14     | Found a runed door.
 25947 | D:14     | Noticed a sphinx
 25964 | D:14     | Killed a sphinx
 25989 | D:14     | Identified the ring "Soenair" {-Tele rElec MR+ Int+2} (You found it on level 14 of the Dungeon)
 26461 | D:8      | Killed Vajrapani's ghost
 26975 | Swamp:1  | Entered Level 1 of the Swamp
 26991 | Swamp:1  | Noticed Louise
 27038 | Swamp:1  | Killed Louise
 27253 | Swamp:1  | Noticed a thorn hunter
 27270 | Swamp:1  | Killed a thorn hunter
 27495 | Swamp:1  | Reached XP level 17. HP: 79/93 MP: 25/25
 27949 | Swamp:2  | Noticed Donald
 27965 | Swamp:1  | Killed Donald
 27965 | Swamp:1  | Reached skill level 10 in Invocations
 28176 | Swamp:1  | Paralysed by a hornet for 2 turns
 28371 | Swamp:2  | Reached skill level 11 in Invocations
 28699 | Swamp:2  | Paralysed by a hornet for 3 turns
 28848 | Swamp:2  | Reached skill level 12 in Invocations
 29239 | Swamp:4  | Entered Level 4 of the Swamp
 29258 | Swamp:3  | Got a pitted leather armour
 29269 | Swamp:3  | Identified the +3 leather armour "Duep" {+Blink +Fly rN+ Int-3} (You found it on level 3 of the Swamp)
 29490 | Swamp:4  | Noticed a tentacled monstrosity
 30097 | Swamp:4  | Reached skill level 13 in Invocations
 30108 | Swamp:3  | Killed a tentacled monstrosity
 30518 | Swamp:4  | Paralysed by a hornet for 2 turns
 30525 | Swamp:4  | Reached skill level 14 in Invocations
 30528 | Swamp:4  | Paralysed by a hornet for 2 turns
 31052 | Snake:1  | Entered Level 1 of the Snake Pit
 31302 | Snake:1  | Reached XP level 18. HP: 82/98 MP: 29/29
 31715 | Snake:1  | Reached skill level 15 in Invocations
 31765 | Snake:2  | Found a basalt altar of Yredelemnul.
 32350 | Swamp:4  | Got a decaying rune of Zot
 32623 | Swamp:4  | Cast into level 4 of the Abyss (a Zot trap)
 32626 | Abyss:4  | Found a blossoming altar of Fedhas.
 32649 | Abyss:4  | Got an abyssal rune of Zot
 32686 | Abyss:4  | Identified a scroll of acquirement
 32717 | Abyss:4  | Found a hide-covered altar of Uskayaw.
 32724 | Swamp:4  | Escaped the Abyss
 32732 | Swamp:4  | THE RIDE NEVER ENDS
 33261 | Snake:2  | Got a pair of dazzling boots
 33272 | Snake:2  | Identified the +0 pair of boots of the Komtur {rC++ Int-4} (You acquired it on level 2 of the Snake Pit)
 33422 | Snake:2  | YEY
 33438 | Snake:2  | Noticed Saint Roka
 33627 | Snake:2  | Killed Saint Roka
 33833 | Snake:2  | Noticed Vashnia
 33875 | Snake:2  | Killed Vashnia
 33891 | Snake:2  | Reached XP level 19. HP: 96/103 MP: 31/31
 34434 | Snake:4  | Entered Level 4 of the Snake Pit
 36345 | Snake:4  | Reached XP level 20. HP: 83/110 MP: 32/32
 36707 | Snake:4  | Got a serpentine rune of Zot
 37156 | Vaults:1 | Entered Level 1 of the Vaults
 37156 | Vaults:1 | Found Rakoir's Magic Scroll Shop.
 37207 | Vaults:1 | Bought a scroll of identify for 42 gold pieces
 37472 | Vaults:1 | Found Daetuir's Weapon Emporium.
 37847 | Vaults:2 | Found Cich's Assorted Antiques.
 37859 | Vaults:2 | Bought the +3 hat of Pondering {ponderous, MR+ MP+10 Int+5} for 495 gold pieces
 38950 | Vaults:2 | Reached skill level 5 in Evocations
 39072 | Vaults:2 | Reached XP level 21. HP: 105/116 MP: 33/33
 39658 | Vaults:1 | Found Nastutoc's Gadget Emporium.
 40002 | Vaults:2 | Noticed Frederick
 40031 | Vaults:2 | Killed Frederick
 40636 | Vaults:3 | Reached skill level 15 in Fighting
 41005 | Vaults:3 | Found a staircase to the Crypt.
 41018 | Crypt:1  | Entered Level 1 of the Crypt
 41154 | Crypt:1  | Reached skill level 15 in Long Blades
 41289 | Crypt:1  | Noticed Mennas
 41347 | Crypt:1  | Killed Mennas
 41597 | Crypt:1  | Reached XP level 22. HP: 58/122 MP: 22/34
 41889 | Crypt:1  | Noticed Mara
 41891 | Crypt:1  | Noticed kuniqs's illusion
 42012 | Crypt:1  | Noticed kuniqs's illusion
 42104 | Crypt:1  | Noticed kuniqs's illusion
 42115 | Crypt:1  | Killed Mara
 42775 | Crypt:1  | Reached skill level 15 in Shields
 43022 | Crypt:3  | Entered Level 3 of the Crypt
 43502 | Crypt:3  | Noticed Jorgrun
 43984 | Crypt:2  | Elyvilon protects you from harm!
 44357 | Crypt:3  | Killed Jorgrun
 44534 | Crypt:3  | Reached XP level 23. HP: 106/128 MP: 35/35
 44703 | Crypt:3  | Found a staircase to the Tomb.
 44731 | Crypt:3  | Noticed Bai Suzhen
 44899 | Crypt:3  | Reached skill level 15 in Dodging
 44946 | Crypt:3  | Noticed a curse toe
 45140 | Crypt:3  | Killed Bai Suzhen
 45250 | Crypt:3  | Noticed an ancient lich
 45271 | Crypt:3  | Killed a curse toe
 45295 | Crypt:3  | Got a heavily runed granite ring
 45297 | Crypt:3  | Got a scorched leather armour
 45335 | Crypt:2  | Identified the +3 leather armour "Ilan" {Regen+ rCorr Int-5 Dex+6} (You found it on level 3 of the Crypt)
 45365 | Crypt:2  | Identified the ring "Wodeink" {rN+ MP+9} (You found it on level 3 of the Crypt)
 45427 | Crypt:3  | Noticed a curse toe
 45445 | Crypt:3  | Killed a curse toe
 47286 | Vaults:4 | Found Eminies's Antique Weapon Boutique.
 47525 | Vaults:5 | Entered Level 5 of the Vaults
 47790 | Vaults:4 | Reached XP level 24. HP: 118/137 MP: 35/35
 48613 | Elf:1    | Entered Level 1 of the Elven Halls
 48630 | Elf:1    | Gained mutation: You are frail. (-10% HP) [a neqoxec]
 49102 | Elf:1    | Identified the +4 ring mail "Wetagin" {rN+ Str+2 SInv} (You found it on level 1 of the Elven Halls)
 49384 | Elf:1    | Found Qururhim's Food Shoppe.
 49510 | Elf:1    | Found a portal to a secret trove of treasure.
 49586 | Elf:3    | Entered Level 3 of the Elven Halls
 49644 | Elf:2    | Found Duuzan's Gadget Emporium.
 49651 | Elf:2    | Found Bipet's Weapon Shoppe.
 49780 | Elf:2    | Found Terchajale's Antique Weapon Emporium.
 49969 | Elf:2    | Found Qiney's Assorted Antiques.
 50023 | Elf:2    | Found a runed gate.
 50023 | Elf:2    | Found a runed gate.
 50023 | Elf:2    | Found a runed gate.
 50533 | Elf:3    | Found Venusost's Assorted Antiques.
 51157 | Elf:3    | Noticed Sapher's ghost (adept NaWn)
 51221 | Elf:3    | Killed Sapher's ghost
 51472 | Elf:3    | Got an ancient scale mail
 51527 | Elf:3    | Identified the +5 scale mail of the Pure Demons {Str+4} (You found it on level 3 of the Elven Halls)
 51548 | Elf:3    | Identified the +1 plate armour "Mubol" {rElec Str-2 Int+3 Stlth+} (You found it on level 3 of the Elven Halls)
 51616 | Elf:3    | Noticed Nikola
 51639 | Elf:3    | Killed Nikola
 51639 | Elf:3    | Reached XP level 25. HP: 122/130 MP: 35/35
 51759 | Elf:3    | Got an ichor-stained shield
 51761 | Elf:3    | Identified the +4 shield "Xiduus" {+Blink Str+4 Dex+2} (You took it off a deep elf demonologist on level 3 of the Elven Halls)
 52247 | Depths:1 | Entered Level 1 of the Depths
 52281 | Depths:1 | Found a flickering gateway to a bazaar.
 52295 | Bazaar   | Entered a bazaar
 52295 | Bazaar   | Found Qutorof's Antique Armour Shop.
 52295 | Bazaar   | Found Agawuedgh's General Store.
 52320 | Bazaar   | Found Meg Ryiv's Antique Weapon Shop.
 52359 | Bazaar   | Bought a pair of heavily runed boots for 199 gold pieces
 52360 | Bazaar   | Identified the cursed +0 pair of boots of Eruwoxt {*Drain rN+++ Int+7} (You bought it in a shop in a bazaar)
 52510 | Depths:1 | Noticed Margery
 52521 | Depths:1 | Killed Margery
 52915 | Depths:1 | Found a gateway to Hell.
 53401 | Depths:2 | Found a one-way gate to the infinite horrors of the Abyss.
 54317 | Depths:3 | Found a gateway to a ziggurat.
 54402 | Depths:3 | Reached XP level 26. HP: 136/136 MP: 35/35
 54408 | Zig:1    | Entered Level 1 of a ziggurat
 54429 | Zig:2    | Entered Level 2 of a ziggurat
 54459 | Zig:3    | Entered Level 3 of a ziggurat
 54511 | Zig:4    | Entered Level 4 of a ziggurat
 54567 | Zig:5    | Entered Level 5 of a ziggurat
 54655 | Zig:5    | Identified Locossio's Incunabulum of the Floating Frostbite
 54659 | Zig:5    | Learned a level 2 spell: Repel Missiles
 54663 | Zig:5    | Learned a level 3 spell: Ozocubu's Armour
 55173 | Depths:3 | Reached skill level 1 in Charms
 55258 | Depths:4 | Reached skill level 1 in Ice Magic
 55394 | Depths:4 | Found a snail-covered altar of Cheibriados.
 55709 | Depths:5 | Entered Level 5 of the Depths
 56195 | Depths:4 | Reached skill level 5 in Charms
 56222 | Depths:4 | Got a pitted silver amulet
 56223 | Depths:4 | Identified the amulet of Fakk {RegenMP +Fly} (You found it on level 4 of the Depths)
 56439 | Depths:5 | Reached skill level 5 in Ice Magic
 57120 | Depths:5 | Found a gate to the Realm of Zot.
 57339 | Depths:3 | Found an ancient bone altar of Kikubaaqudgha.
 57339 | Depths:3 | Found a one-way gate leading to the halls of Pandemonium.
 57401 | Depths:3 | Reached XP level 27. HP: 132/140 MP: 35/35
 57464 | Depths:3 | Noticed a greater mummy
 57476 | Depths:3 | Killed a greater mummy
 57485 | Depths:3 | Found an ancient bone altar of Kikubaaqudgha.
 57911 | Depths:3 | Found Imitzeq's Slaves and Accessories.
 57919 | Depths:3 | Reached skill level 16 in Invocations
 57961 | Depths:3 | Found The Legendary Ekoumiakh's Legendary Smithy.
 58012 | Depths:3 | Found Jack's Jerk-a-riffic Jerky.
 58032 | Depths:3 | Found Bapiq's Miraculous Elixirs.
 58272 | Vaults:2 | Bought 2 potions of agility for 232 gold pieces
 58318 | Vaults:1 | Bought a scroll of recharging for 199 gold pieces
 58318 | Vaults:1 | Bought a scroll of blinking for 157 gold pieces
 58595 | Zot:1    | Entered Level 1 of the Realm of Zot
 58764 | Zot:1    | Reached skill level 17 in Invocations
 59088 | Zot:1    | Reached skill level 18 in Invocations
 59597 | Zot:2    | Reached skill level 19 in Invocations
 60035 | Zot:2    | Reached skill level 20 in Invocations
 60624 | Zot:3    | Reached skill level 21 in Invocations
 60684 | Zot:3    | Learned a level 1 spell: Apportation
 61008 | Zot:5    | Entered Level 5 of the Realm of Zot
 61598 | Zot:4    | Reached skill level 22 in Invocations
 61969 | Zot:5    | Noticed an ancient lich
 61988 | Zot:5    | Noticed an orb of fire
 61990 | Zot:5    | Noticed an orb of fire
 61991 | Zot:5    | Noticed an orb of fire
 62004 | Zot:5    | Noticed an ancient lich
 62005 | Zot:5    | Killed an orb of fire
 62008 | Zot:5    | Gained mutation: You are dopey. (Int -2) [an orb of fire]
 62017 | Zot:5    | Noticed an ancient lich
 62027 | Zot:5    | Killed an orb of fire
 62027 | Zot:5    | Reached skill level 23 in Invocations
 62031 | Zot:5    | Killed an orb of fire
 62035 | Zot:5    | Killed an ancient lich
 62038 | Zot:5    | Noticed an orb of fire
 62046 | Zot:5    | Killed an ancient lich
 62057 | Zot:5    | Killed an orb of fire
 62065 | Zot:5    | Killed an ancient lich
 62080 | Zot:5    | Noticed an ancient lich
 62088 | Zot:5    | Killed an ancient lich
 62088 | Zot:5    | Reached skill level 24 in Invocations
 62104 | Zot:5    | Noticed an ancient lich
 62113 | Zot:5    | Killed an ancient lich
 62318 | Zot:5    | Reached skill level 25 in Invocations
 62329 | Zot:5    | Noticed an orb of fire
 62329 | Zot:5    | Gained mutation: Scrolls take you a little longer to read. [an orb of fire]
 62334 | Zot:5    | Gained mutation: You are very frail. (-20% HP) [an orb of fire]
 62341 | Zot:5    | Gained mutation: Your flesh is almost immune to the effects of heat. (rF+++) [an orb of fire]
 62346 | Zot:5    | Killed an orb of fire
 62421 | Zot:5    | Noticed an ancient lich
 62432 | Zot:5    | Killed an ancient lich
 62919 | Temple   | Fell from the grace of Elyvilon
 62919 | Temple   | Became a worshipper of Zin the Law-Giver
 62919 | Temple   | Reached * piety under Zin
 62919 | Temple   | Reached ** piety under Zin
 62919 | Temple   | Reached *** piety under Zin
 62919 | Temple   | Reached **** piety under Zin
 62919 | Temple   | Reached ***** piety under Zin
 62920 | Temple   | Donated 2264 gold pieces to Zin
 63196 | D:11     | Reached ****** piety under Zin
 63197 | D:11     | Received a gift from Zin
 63197 | D:11     | Lost mutation: Scrolls take you a little longer to read. [Zin's power]
 63197 | D:11     | Lost mutation: You are dopey. (Int -2) [Zin's power]
 63197 | D:11     | Lost mutation: Your flesh is almost immune to the effects of heat. (rF+++) [Zin's power]
 63197 | D:11     | Lost mutation: Your flesh is very heat resistant. (rF++) [Zin's power]
 63197 | D:11     | Lost mutation: Your flesh is heat resistant. (rF+) [Zin's power]
 63197 | D:11     | Lost mutation: You are very frail. (-20% HP) [Zin's power]
 63197 | D:11     | Lost mutation: You are frail. (-10% HP) [Zin's power]
 63197 | D:11     | Lost mutation: Your muscles are strong. (Str +2) [Zin's power]
 63337 | D:5      | Fell from the grace of Zin
 63337 | D:5      | Became a worshipper of Elyvilon the Healer
 63739 | Tomb:1   | Entered Level 1 of the Tomb of the Ancients
 63942 | Tomb:1   | Noticed a greater mummy
 63956 | Tomb:1   | Killed a greater mummy
 64904 | Zot:5    | Got the Orb of Zot
 65438 | D:2      | Noticed Vakon the pandemonium lord
 65477 | D:$      | Escaped with the Orb!

Vault maps used:
D:1:      dpeg_arrival_water_fire, st_stairs_8
D:2:      lemuel_crystal_altar, overflow_temple_1_default, dk_noncrumbling_4
D:3:      minmay_door_path, kennysheep_okawaru_gauntlet,
          nicolae_gozag_cash_rules_everything_around_me
D:4:      nicolae_dithmenos_through_a_glass_darkly, first_bread, moated_statue,
          minmay_misc_feat_tiny
D:5:      nicolae_overflow_crystal_walls, kennysheep_mini, serial_bayou_lagoon_a
D:6:      lemuel_coloured_pillars_altar, hangedman_abyss_or_decor_stagger,
          patterned_corridor
D:7:      makhleb_heckhound_becter, enter_ossuary_3, serial_shops, shop,
          basic_altar, minmay_misc_feat_rows, uniq_joseph
D:8:      nemelex_xobeh_ov_fountains_minmay, minmay_misc_feat_pillars
D:9:      erik_lair_orcish_takeover, enter_bailey_3,
          hangedman_little_slice_of_home
D:10:     hiddenorc2_lemuel
D:11:     kennysheep_generic_room_7
D:12:     serial_shops, nicolae_shop_crystal, spider_trap, xom_redecorated
D:13:     grunt_ministairs_4, uniq_sonja, uniq_kirke
D:14:     minmay_gate_of_8, grunt_vaults_entry_tiered, yredelemnul_altar_generic
D:15:     hangedman_depths_entry_try_elsewhere_first,
          minmay_guarded_unrand_prune
Temple:   minmay_temple_forest_path
Lair:2:   dragon1_lemuel, eino_house_with_fridge, grunt_megastairs_2,
          lemuel_fruit_tree, infiniplex_staircase_pool_2
Lair:3:   minmay_swamp_entry_eels, minivault_29, serial_bayou_shore_b,
          uniq_gastronok
Lair:4:   guppyfry_snake_entry_island
Lair:5:   slime_altar_1, basic_altar, beast_lair_carwin_10, lemuel_fruit_fields
Lair:6:   grunt_lair_end_beastmaster, hangedman_lair_generics_rect
Swamp:1:  evilmike_swamp_ruin_house_2, uniq_louise
Swamp:2:  hangedman_swamp_pad, uniq_donald
Swamp:3:  evilmike_swamp_ruin_wall, swamp_pool1
Swamp:4:  swamp_alternative, infiniplex_staircase_pool
Snake:1:  serial_bayou_pond_e, grunt_megastairs_3
Snake:2:  basic_altar, uniq_saint_roka, uniq_vashnia
Snake:4:  snake_pit_salamanders_mu, st_stairs_14
Orc:1:    serial_shops, shop, uniq_urug
Orc:2:    grunt_orc_community_town_hall, grunt_orc_community_big_house_2,
          grunt_orc_community_big_house_2, grunt_orc_community_house_2,
          grunt_orc_community_house_3, grunt_orc_community_house_1,
          grunt_orc_community_house_2, grunt_orc_community_house_2,
          grunt_orc_community_house_2
Elf:1:    eino_elf_arrival_the_gate, enter_trove_1, serial_shops,
          nicolae_shop_waterfront, minivault_28, minmay_misc_feat_five,
          hangedman_glass_teeth, hex_tiny
Elf:2:    serial_shops, shop, shop, nicolae_shop_stone,
          nicolae_shop_behind_doors
Elf:3:    elf_hall_gauntlet_narrow, serial_shops, shop, uniq_nikola
Vaults:1: hangedman_vaults_cutoff, v_pattern_1, ontoclasm_vaults_misaligned,
          v_misc_1, ontoclasm_vaults_gateway, nicolae_vaults_mini_display_case,
          ontoclasm_vaults_shuriken, v_misc_30, hangedman_vaults_pinch,
          vaults_mumra_lcd, serial_shops, shop, shop, shop
Vaults:2: nicolae_vaults_network_star, v_misc_18, vaults_room_grid, v_pattern_3,
          ontoclasm_vaults_ring_small, hangedman_vaults_restitches,
          ontoclasm_vaults_eye, nicolae_vaults_network_quinsquares, v_misc_19,
          st_more_cells, vaults_dpeg_cross, serial_shops, shop, uniq_frederick
Vaults:3: nicolae_vaults_specimen_jars, vaults_mumra_hex,
          nicolae_vaults_little_squares_1, ontoclasm_vaults_pinch,
          grunt_vaults_diagonal, minmay_crypt_entry_simple_round,
          nicolae_vaults_windows_and_doors_thing, v_misc_15, serial_ice_m
Vaults:4: v_misc_3, v_misc_28, nicolae_vaults_little_squares_5,
          nicolae_vaults_puzzle_piece, nicolae_vaults_big_angled_halls,
          vaults_room_ringed_pool, nicolae_vaults_network_square,
          nicolae_vaults_twisting_passages, grunt_vaults_trifunnel,
          grunt_vaults_hallway_long, serial_shops, nicolae_shop_window_shopping
Vaults:5: serial_shops
Crypt:1:  grunt_ministairs_7, hangedman_batty, grunt_crypt_arrival_guarded_gate,
          uniq_mennas, uniq_mara
Crypt:3:  david_glass_crypt, minmay_guarded_unrand_zonguldrok, uniq_jorgrun,
          uniq_bai_suzhen
Depths:1: serial_shops, bzr_in_the_mist, grunt_metal_band,
          kilobyte_rumbling_trees, serial_bayou_shore_a
Depths:2: kennysheep_ambush_hall, abyss_entry_crystal, hell_entry,
          minmay_misc_feat_four_crosses, minmay_staircase_bubble
Depths:3: grated_community_mu, enter_ziggurat_f, minmay_misc_feat_hallway,
          grunt_hell_entry_dis_grunt, pan_entry, infiniplex_staircase_zigzag_2
Depths:4: kennysheep_large_spiral, cheibriados_altar_1,
          nicolae_abyss_entry_one_way_or_another, hell_entry,
          hangedman_decor_growths, st_stairs_1, hangedman_decor_points,
          solitary_fountain
Depths:5: evilmike_zot_entry_round, roderic_lattice_a, hell_entry
Zot:1:    lemuel_flame_loot_1
Zot:2:    lemuel_draconian_sentries_small
Zot:3:    basic_stair_grate_trap
Zot:4:    grunt_megastairs_1
Abyss:4:  evilmike_abyss_rune_ettins
Bazaar:   bazaar_jpeg_cross
Ossuary:  ossuary_tomb_1
Bailey:   bailey_axe_bossmonster_kennysheep, bailey

Skill      XL: |  1  2  3  4  5  6  7  8  9 10 11 12 13 14 15 16 17 18 19 20 21 22 23 24 25 26 27 |
---------------+----------------------------------------------------------------------------------+-----
Fighting       | 1 2 3 4 5 6 7 8 9 10 11 12 13 14 15 16 17 19 20 21 | 21.6
Dodging        | 2 3 4 5 6 7 8 9 10 11 12 13 14 16 17 18 19 | 19.4
Armour         | 1 2 3 4 5 6 7 8 9 10 11 13 | 13.7
Long Blades    | 1 2 3 4 5 6 7 8 9 10 12 13 14 15 16 | 16.0
Invocations    | 1 4 6 8 9 14 15 25 | 25.0
Shields        | 1 3 5 6 8 9 11 12 13 14 15 | 15.0
Stealth        | 3 6 8 |  8.0
Evocations     | 5 6 |  6.1
Charms         | 6 |  6.0
Ice Magic      | 6 |  6.0
Short Blades   | |  0.8

Action                   |  1- 3 |  4- 6 |  7- 9 | 10-12 | 13-15 | 16-18 | 19-21 | 22-24 | 25-27 || total
-------------------------+-------+-------+-------+-------+-------+-------+-------+-------+-------++-------
Melee: Short sword       |    60 |       |       |    27 |     9 |       |       |       |       ||    96
       Bite              |    21 |    90 |   176 |   495 |  1053 |   703 |   838 |  1039 |  1595 ||  6010
       Dagger            |    34 |   284 |   220 |     2 |    12 |    51 |       |       |       ||   603
       Great sword       |       |       |   158 |     9 |       |       |       |       |       ||   167
       Falchion          |       |       |    79 |   972 |  1322 |       |       |       |       ||  2373
       Double sword      |       |       |       |       |   451 |  1284 |  1541 |  1706 |  2367 ||  7349
Throw: Tomahawk          |       |       |       |    19 |       |       |       |       |       ||    19
       Throwing net      |       |       |       |     2 |       |       |       |       |       ||     2
 Cast: Ozocubu's Armour  |       |       |       |       |       |       |       |       |    19 ||    19
       Repel Missiles    |       |       |       |       |       |       |       |       |    10 ||    10
Invok: Greater Healing   |       |       |       |     6 |    15 |    24 |    17 |     5 |    13 ||    80
       Heal Other        |       |       |       |     1 |     7 |    15 |       |       |       ||    23
       Lesser Healing    |       |       |       |     1 |       |     5 |    12 |     3 |     3 ||    24
       Purification      |       |       |       |       |       |     1 |       |     3 |     2 ||     6
       Cure All Mutation |       |       |       |       |       |       |       |       |     1 ||     1
       Donate Gold       |       |       |       |       |       |       |       |       |     1 ||     1
       Divine Vigour     |       |       |       |       |       |       |       |       |     1 ||     1
Evoke: Wand              |    12 |     1 |     5 |     6 |     6 |     3 |     3 |    10 |    26 ||    72
  Use: Scroll            |       |    10 |     9 |     7 |    22 |    14 |     3 |    17 |    25 ||   107
       Potion            |       |     1 |     3 |     4 |     2 |     6 |     4 |     4 |    12 ||    36
 Stab: Sleeping          |     3 |     1 |     1 |     8 |    20 |    11 |    13 |    15 |    30 ||   102
       Confused          |     1 |       |       |       |       |       |       |       |       ||     1
       Distracted        |       |       |       |     1 |    10 |     9 |     1 |    11 |    13 ||    45
       Petrified         |       |       |       |       |     6 |       |       |       |       ||     6
  Eat: Chunk             |     2 |     8 |     3 |    24 |    29 |    12 |    13 |    15 |    11 ||   117
       Beef jerky        |     1 |       |       |       |     1 |     2 |     2 |     5 |     3 ||    14
       Meat ration       |       |       |     2 |     1 |       |     6 |     4 |     2 |     7 ||    22
       Bread ration      |       |       |     1 |       |       |       |       |     2 |       ||     3
       Pizza             |       |       |       |     1 |       |     1 |       |     3 |     5 ||    10
       Fruit             |       |       |       |     1 |       |     1 |       |       |       ||     2
       Royal jelly       |       |       |       |     5 |     6 |     1 |       |       |     1 ||    13
Armor: Leather armour    |     6 |       |       |       |       |    47 |   103 |   235 |   197 ||   588
       Ring mail         |    17 |   100 |   154 |   355 |    31 |       |       |       |       ||   657
       Steam dragon scal |       |       |       |     9 |   239 |       |       |       |       ||   248
       Troll leather arm |       |       |       |       |    43 |   149 |       |       |       ||   192
       Chain mail        |       |       |       |       |     8 |       |       |       |       ||     8
       Plate armour      |       |       |       |       |     7 |    28 |   244 |       |       ||   279
       Swamp dragon scal |       |       |       |       |       |   144 |       |       |       ||   144
Dodge: Dodged            |    60 |   155 |   286 |   783 |  1119 |   773 |   775 |   956 |  1454 ||  6361
       Deflected         |       |       |       |       |       |       |       |       |    21 ||    21
Block: Buckler           |       |       |       |   219 |   159 |       |       |       |       ||   378
       Shield            |       |       |       |       |   638 |   841 |   942 |   837 |  1776 ||  5034
       Rpst.: Great sword |       |       |    34 |     5 |       |       |       |       |       ||    39
       Falchion          |       |       |    18 |   190 |   232 |       |       |       |       ||   440
       Double sword      |       |       |       |       |    76 |   152 |   187 |   176 |   225 ||   816
